 Dungeon Crawl Stone Soup version 0.15.0-11-g6f4f891 (webtiles) character file.

228 HungrySpirit the Chopper (level 5, -2/45 HPs)
             Began as a Minotaur Fighter on Aug 31, 2014.
             Killed from afar by Grinder (5 damage)
             ... with a wand of magic darts
             ... while paralysed by Grinder
             ... on Level 4 of the Dungeon.
             The game lasted 00:06:18 (2396 turns).

HungrySpirit the Chopper (Minotaur Fighter)         Turns: 2396, Time: 00:06:19

HP  -2/45        AC  6     Str 21      XL: 5   Next: 70%
MP   2/2         EV  2     Int  5      God:
Gold 117         SH  0     Dex 10      Spells:  0 memorised,  4 levels left

rFire  . . .     SeeInvis .     a - +0 war axe
rCold  . . .     Clarity  .     b - +0 scale mail
rNeg   . . .     rCorr    .     c - +0 shield
rPois  .         rRot     .     (helmet restricted)
rElec  .         Spirit   .     (no cloak)
SustAb .         Warding  .     (no gloves)
rMut   .         Stasis   .     (no boots)
Gourm  .                        (no amulet)
MR     .....                    (no ring)
                                (no ring)

@: paralysed, not resistant to hostile enchantments, extremely unstealthy
A: retaliatory headbutt, horns 2
a: no special abilities


You were on level 4 of the Dungeon.
You were not hungry.

You visited 1 branch of the dungeon, and saw 4 of its levels.

You collected 117 gold pieces.

Inventory:

Hand weapons
 a - a +0 war axe (weapon)
Armour
 b - a +0 scale mail (worn)
 c - a +0 shield (worn)
Comestibles
 d - 4 bread rations
 l - a beef jerky
 m - 2 meat rations
 r - 3 fruits
 s - a chunk of goblin flesh
Scrolls
 f - 2 scrolls of magic mapping {unknown}
 g - a scroll of amnesia {unknown}
 i - 6 scrolls of identify {unknown}
 j - 2 scrolls of teleportation {unknown}
 k - a scroll of enchant armour {unknown}
 n - a scroll of random uselessness {unknown}
 o - 3 scrolls of remove curse {unknown}
 p - a scroll of fear {unknown}
 q - a scroll of recharging {unknown}


   Skills:
 - Level 3.6 Fighting
 + Level 7.3 Axes
 - Level 3.6 Armour
 - Level 3.6 Shields


You had 4 spell levels left.
You didn't know any spells.

Dungeon Overview and Level Annotations

Branches:
Dungeon (4/15)
 Temple: D:4-7

Altars:

Annotations:
D:4 Grinder


Innate Abilities, Weirdness & Mutations

You reflexively headbutt those who attack you in melee.
You have a pair of horns on your head.


Message History

Grinder is heavily wounded.
Grinder zaps a wand.
The magic dart hits you!
You hit Grinder. You headbutt Grinder, but do no damage.
Grinder is severely wounded.
Grinder hits you.
You writhe in agony.
You hit Grinder.
Grinder is severely wounded.
Grinder zaps a wand.
The magic dart hits you!
You closely miss Grinder.
Grinder is severely wounded.
Grinder says, "You look like you could use a good racking."
You block Grinder's attack. Grinder gestures at you.
You suddenly lose the ability to move!
Grinder zaps a wand.
The magic dart hits you!
* * * LOW HITPOINT WARNING * * *
Grinder zaps a wand.
The magic dart hits you!
* * * LOW HITPOINT WARNING * * *
Grinder zaps a wand.
The magic dart hits you!
You die...

#.# #.. #.#
### #.# #.#
#.# #.########
#........#
########.###.#
#.@...#
#5##### #..
#.# #.# #.#
#.# #.# .


You could see Grinder.

Vanquished Creatures
  An ogre (D:3)
  7 adders
  A worm (D:3)
  5 giant geckos
  2 oozes
  8 bats
  5 giant cockroaches
  9 hobgoblins
  A quokka (D:2)
  A ball python (D:3)
  4 giant newts
  4 goblins
  A hobgoblin skeleton (D:3)
  6 jackals
  8 kobolds
  7 rats
70 creatures vanquished.

Notes
Turn   | Place    | Note
--------------------------------------------------------------
     0 | D:1      | HungrySpirit, the Minotaur Fighter, began the quest for the Orb.
     0 | D:1      | Reached XP level 1. HP: 19/19 MP: 1/1
   269 | D:1      | Reached XP level 2. HP: 16/26 MP: 1/1
   941 | D:2      | Reached skill level 4 in Axes
  1036 | D:2      | Reached XP level 3. HP: 28/31 MP: 2/2
  1196 | D:2      | Reached skill level 5 in Axes
  1358 | D:2      | Reached XP level 4. HP: 35/39 MP: 2/2
  1876 | D:3      | Noticed an ogre
  1881 | D:3      | Killed an ogre
  1881 | D:3      | Reached skill level 6 in Axes
  1881 | D:3      | Reached XP level 5. HP: 34/45 MP: 2/2
  2058 | D:3      | Reached skill level 7 in Axes
  2374 | D:4      | Noticed Grinder
  2374 | D:4      | Paralysed by Grinder for 6 turns
  2393 | D:4      | Paralysed by Grinder for 7 turns
  2396 | D:4      | Killed from afar by Grinder

Action                   |  1- 3 |  4- 6 || total
-------------------------+-------+-------++-------
Melee: War axe           |    86 |    86 ||   172
  Use: Potion            |       |     2 ||     2
  Eat: Chunk             |     1 |     4 ||     5
